 Dungeon Crawl Stone Soup version 0.32-a0-540-g866d13106e (webtiles) character file.

Game seed: 3863117605778620802

476 HC7 the Ruffian (level 6, -4/57 HPs)
             Began as a Troll Warper on Feb 28, 2024.
             Slain by a gnoll
             ... wielding a +0 spear
              (7 damage)
             ... on level 4 of the Dungeon.
             The game lasted 00:08:57 (2908 turns).

HC7 the Ruffian (Troll Warper)                      Turns: 2908, Time: 00:08:57

Health: -4/57      AC:  5    Str: 20    XL:     6   Next: 85%
Magic:  7/7        EV: 10    Int:  9    God:
Gold:   263        SH:  4    Dex: 11    Spells: 3/8 levels left

rFire   . . .        s - +3 quarterstaff (chaos)
rCold   + . .        (shield currently unavailable)
rNeg    . . .        b - +1 robe
rPois   .            (helmet restricted)
rElec   .            (no cloak)
rCorr   .            (gloves unavailable)
SInv    .            (boots unavailable)
Will    .....        (no amulet)
Stlth   +            g - ring of protection from cold
HPRegen 1.09/turn    (no ring)
MPRegen 0.10/turn

%: no passive effects
@: no status effects
A: large, unfitting armour, claws 3, regeneration 1, shaggy fur 1, tough skin 1,
large bone plates 1
a: no special abilities


You were on level 4 of the Dungeon.
You visited 1 branch of the dungeon, and saw 4 of its levels.

You collected 263 gold pieces.

Inventory:

Hand Weapons
 a - a +0 spear
 q - a +0 war axe
 s - a +3 quarterstaff of chaos (weapon)
 t - a +2 hammer of protection
Missiles
 d - 7 darts of dispersal
 o - 4 poisoned darts (quivered)
Armour
 b - a +1 robe (worn)
Jewellery
 g - a ring of protection from cold (left claw)
 p - a ring of protection from cold
Talismans
 j - a flux talisman
Wands
 i - a wand of flame (17)
 v - a wand of light (4)
Scrolls
 c - 3 scrolls of blinking
 l - 2 scrolls of identify
 r - a scroll of immolation
Potions
 e - 2 potions of brilliance {unknown}
 f - 5 potions of mutation
 h - a potion of cancellation
 k - a potion of heal wounds {unknown}
 m - 2 potions of berserk rage {unknown}
 n - a potion of attraction {unknown}
 u - a potion of curing {unknown}
 w - a potion of lignification {unknown}


   Skills:
 + Level 2.1 Fighting
 + Level 1.7(1.9) Polearms
 + Level 0.8(1.4) Staves
 + Level 0.8 Throwing
 + Level 3.5 Dodging
 + Level 0.4 Stealth
 + Level 1.0 Shields
 + Level 4.3 Unarmed Combat
 + Level 1.6 Spellcasting
 + Level 2.5 Translocations
 + Level 0.1 Earth Magic


You had 3 spell levels left.
You knew the following spells:

 Your Spells              Type           Power      Damage    Failure   Level
a - Blink                 Tloc           10%        N/A       19%         2
b - Passwall              Erth           0%         N/A       69%         3

Your spell library contained the following spells:

 Spells                   Type           Power      Damage    Failure   Level
 Lesser Beckoning         Tloc           10%        N/A       19%         2
 Freeze                   Ice            0%         1d3       34%         1
 Necrotise                Necr           0%         1d4       34%         1
 Teleport Other           Tloc           5%         N/A       36%         3
 Ensorcelled Hibernation  Hex/Ice        0%         N/A       47%         2
 Frozen Ramparts          Ice            0%         1d1       71%         3
 Hailstorm                Conj/Ice       0%         3d5       71%         3
 Swiftness                Air            0%         N/A       71%         3
 Vampiric Draining        Necr           0%         2d6       71%         3
 Manifold Assault         Tloc           5%         N/A       77%         4
 Vhi's Electric Charge    Tloc/Air       4%         N/A       91%         4
 Martyr's Knell           Necr/Summ      0%         N/A       98%         4
 Curse of Agony           Necr           0%         N/A       100%        5


Dungeon Overview and Level Annotations

Branches:
Dungeon (4/15)
 Temple: D:4-7

Altars:
Yredelemnul


Innate Abilities, Weirdness & Mutations

You are too large for most types of armour.
You have claws for hands.
Your natural rate of healing is unusually fast.
You are covered in fur. (AC +1)
You have tough skin. (AC +1)
You are partially covered in large bone plates. (SH +4)


Message History

The gnoll shouts!
A gnoll comes into view. It is wielding a +0 spear.
The gnoll shouts!
A gnoll comes into view. It is wielding a +0 spear.
The gnoll shouts!
You thump the gnoll! You burn the gnoll.
The gnoll is severely wounded.
The gnoll hits you with a +0 flail!
You barely miss the gnoll.
The gnoll is severely wounded.
The gnoll hits you with a +0 flail. x2
You sock the gnoll!
You feel better.
You kill the gnoll!
You thump the gnoll!
The gnoll is severely wounded.
The gnoll closely misses you.
You hit the gnoll. You burn the gnoll.
You kill the gnoll!
The gnoll barely misses you. The gnoll hits you with a +0 spear!
The gnoll hits you from afar with a +0 spear.
Things that are here:
a +2 whip of electrocution; a +0 flail You barely miss the gnoll.
The gnoll hits you with a +0 spear! The gnoll closely misses you.
The gnoll hits you from afar with a +0 spear!
The gnoll hits you with a +0 spear.
You closely miss the gnoll. The gnoll hits you with a +0 spear!
* * * LOW HITPOINT WARNING * * *
The gnoll hits you from afar with a +0 spear.
* * * LOW HITPOINT WARNING * * *
You barely miss the gnoll. The gnoll misses you.
The gnoll hits you from afar with a +0 spear.
* * * LOW HITPOINT WARNING * * *
You hit the gnoll.
The gnoll is lightly wounded.
The gnoll hits you with a +0 spear!
* * * LOW HITPOINT WARNING * * *
The gnoll hits you from afar with a +0 spear!
You die...

# #..##.#.# ..#.# ####.###.#.#
#.#.# .........#.# #.#.#
#...######.# #####.#.###
.....[.....# ...........
..#########################.#.##.
.................................
##...######################.####.
#....# .....gg@...# #.# #. #....#
##########.# #.# #. #....# #.#
#.# #. #)..## #.# #.# #. ##)##
#.# #.# #. #)## #.# #.# #. ##)#
#.# #. #)## #.# #. ##)# #.# #.


You could see 2 gnolls.

Vanquished Creatures
  A phantom (D:4)
  2 scorpions (D:4)
  Crazy Yiuf (D:4)
  Ijyb (D:4)
  An iguana (D:4)
  2 gnolls (D:4)
  10 adders
  2 adder zombies (D:3)
  3 orcs
  12 ball pythons
  7 endoplasms
  3 giant cockroaches
  6 goblins
  7 hobgoblins
  6 jackals
  5 quokkas
  2 bats
  A frilled lizard (D:3)
  3 kobolds
  8 rats
83 creatures vanquished.

Notes
Turn   | Place    | Note
-------+----------+-------------------------------------------
     0 | D:1      | HC7 the Troll Warper began the quest for the Orb.
     0 | D:1      | Reached XP level 1. HP: 19/19 MP: 1/1
   189 | D:1      | Reached XP level 2. HP: 27/27 MP: 2/2
   910 | D:2      | Gained mutation: You are partially covered in large bone
                  | plates. (SH +4) [potion of mutation]
   966 | D:2      | Learned a level 2 spell: Blink
  1036 | D:2      | Reached XP level 3. HP: 34/35 MP: 4/4
  1044 | D:2      | Reached skill level 1 in Unarmed Combat
  1140 | D:2      | Reached XP level 4. HP: 42/42 MP: 5/5
  1188 | D:2      | Reached skill level 2 in Unarmed Combat
  1315 | D:2      | Learned a level 3 spell: Passwall
  1927 | D:3      | Reached XP level 5. HP: 45/49 MP: 6/6
  2311 | D:3      | Found a basalt altar of Yredelemnul.
  2406 | D:4      | Noticed a phantom
  2420 | D:4      | Killed a phantom
  2421 | D:4      | Reached skill level 3 in Unarmed Combat
  2438 | D:4      | Found a runed translucent door.
  2439 | D:4      | Noticed Crazy Yiuf
  2474 | D:4      | Killed Crazy Yiuf
  2475 | D:4      | Reached XP level 6. HP: 57/57 MP: 7/7
  2620 | D:4      | Reached skill level 4 in Unarmed Combat
  2660 | D:4      | Noticed Ijyb
  2671 | D:4      | Killed Ijyb
  2672 | D:4      | Reached skill level 1 in Shields
  2908 | D:4      | Slain by a gnoll

Illustrated notes

Levels and vault maps discovered:
D:1:      giann_bridges, layout_basic
D:2:      layout_basic, minmay_snake_closets
D:3:      layout_rooms, lemuel_zombie_altar_yredelemnul,
          nicolae_houndstooth_variations
D:4:      layout_basic, xom_teletrap_fun, uniq_robin, uniq_crazy_yiuf_cottage,
          uniq_ijyb

Skill      XL: |  1  2  3  4  5  6 |
---------------+-------------------+-----
Dodging        | 2 3 |  3.5
Unarmed Combat | 1 2 3 4 |  4.3
Fighting       | 2 |  2.1
Shields        | 1 |  1.0
Polearms       | |  1.7
Staves         | |  0.8
Throwing       | |  0.8
Stealth        | |  0.4
Spellcasting   | |  1.6
Translocations | |  2.5
Earth Magic    | |  0.1

Action                     |  1- 3 |  4- 6 || total
---------------------------+-------+-------++-------
  Melee: Unarmed           |    86 |   114 ||   200
         Punch             |       |     1 ||     1
         Quarterstaff      |       |    46 ||    46
    Use: Scroll            |     1 |     6 ||     7
         Potion            |     1 |       ||     1
   Stab: Sleeping          |     2 |     3 ||     5
 Armour: Robe              |    61 |    88 ||   149
  Dodge: Dodged            |    48 |    78 ||   126
  Block: Other             |     7 |    26 ||    33

Table legend: (Time is in decaauts)
 A = Elapsed time spent in this place.
 B = Non-inter-level travel time spent in this place.
 C = Inter-level travel time spent in this place.
 D = Time resting spent in this place.
 E = Time spent auto-exploring this place.
 F = Levels seen in this place.
 G = Mean time per level.
                   A        B        C        D        E       F      G
               +--------+--------+--------+--------+--------+-----+--------+
         Total |   2911 |   2833 |     78 |      0 |   1995 |   4 |  727.8 |
       Dungeon |   2911 |   2833 |     78 |      0 |   1995 |   4 |  727.8 |
               +--------+--------+--------+--------+--------+-----+--------+

Top non-repeatable levels by time:
     D:2: 915 daAuts
     D:1: 907 daAuts
     D:4: 544 daAuts
     D:3: 544 daAuts
